 Dungeon Crawl Stone Soup version bcrawl-1.12-11-gb93c957c58 (webtiles) character file.

Game seed: 464955030441992403

29 Anathary the Chiller (level 3, 0/21 HPs)
             Began as a Fairy Ice Elementalist on June 24, 2019.
             Engulfed by a cloud of steam (8 damage)
             ... on level 2 of the Dungeon.
             The game lasted 00:05:40 (1057 turns).

Anathary the Chiller (Fairy Ice Elementalist)       Turns: 1057, Time: 00:05:40

Health: 0/21       AC:  4    Str:  6    XL:     3   Next: 16%
Magic:  9/9        EV: 16    Int: 19    God:
Gold:   89         SH:  4    Dex: 12    Spells: 5/8 levels left

rFire    . . .     SeeInvis .   e - +0 dagger
rCold    . . .     Gourm    .   (shield restricted)
rNeg     . . .     Faith    .   (armour unavailable)
rPois    .         Spirit   .   (no helmet)
rElec    .         Reflect  .   (no cloak)
rCorr    .         Harm     .   (no gloves)
MR       .....                  (no boots)
Stlth    +.........             (no amulet)
HPRegen  0.07/turn              (no ring)
MPRegen  0.11/turn              (no ring)

@: flying evasively
A: small, magic attunement, unstealthy, unfitting armour, able to fly, AC/SH +4
a: Stop Flying


You were on level 2 of the Dungeon.
You were not hungry.

You visited 1 branch of the dungeon, and saw 2 of its levels.

You collected 89 gold pieces.

Inventory:

Hand Weapons
 e - a +0 dagger (weapon)
Jewellery
 h - an uncursed ring of protection from magic {unknown}
 j - a cursed ring of attention {unknown}
Scrolls
 a - 4 scrolls of immolation {unknown}
 c - 2 scrolls of enchant weapon {unknown}
 d - 3 scrolls of remove curse {unknown}
 i - a scroll of identify {unknown}
Potions
 f - 2 potions of curing {unknown}
 g - a potion of lignification {unknown}
Comestibles
 b - a ration {!d}


   Skills:
 + Level 3.0 Dodging
 - Level 1.5 Stealth
 + Level 3.3 Spellcasting
 + Level 1.2 Conjurations
 + Level 4.5 Ice Magic


You had 5 spell levels left.
You knew the following spells:

 Your Spells              Type           Power        Failure   Level  Hunger
a - Freeze                Ice            ###.         2%          1    None
b - Throw Frost           Conj/Ice       ##....       7%          2    None

Your spell library contained the following spells:

 Spells                   Type           Power        Failure   Level  Hunger
 Ozocubu's Armour         Chrm/Ice       ##......     17%         3    None
 Throw Icicle             Conj/Ice       ##......     41%         4    None
 Summon Ice Beast         Ice/Summ       ##......     50%         4    None


Dungeon Overview and Level Annotations

Branches:
Dungeon (2/12)

Altars:


Innate Abilities, Weirdness & Mutations

Your spells do not cause hunger and MP costs are reduced by 1.
Your bright wings attract enemies. (Stealth-)
You cannot fit into any form of body armour.
Your shimmering scales are hard and can block incoming attacks. (AC +4, SH +4)
You are small and have problems with some larger weapons.
You can fly continuously.


Message History

Found a trident.
j - a small coral ring A frilled lizard comes into view.
The frilled lizard hisses angrily.
Casting: Throw Frost (safe; 7% risk of failure)
Confirm with . or Enter, or press ? or * to list all spells.
Aiming: Throw Frost (safe; 7% risk of failure)
Press: ? - help, Shift-Dir - straight line, f - frilled lizard
Aim: a frilled lizard (water)
The puff of frost hits the frilled lizard.
You kill the frilled lizard!
Unknown command.
You start resting.
Magic restored.
You are engulfed in a cloud of scalding steam.
You're standing in a cloud of steam!
You start resting.
You are engulfed in a cloud of scalding steam.
You are engulfed in a cloud of scalding steam.
You die...

###..##### ##........#
#.........######
##.............# ###
#..##########.#
#.####.## #.#
###......# #### #.#
.#####...# #≈≈####.#
...###<..#####§§@§##.#
.........##≈≈≈§§§###.#
######...##≈≈##§## #.#
#...## ##≈# #.# #####
###≈# #.# #≈≈## #.##
######≈#####..#
#...≈≈≈≈≈...#.#
#....≈≈≈....#.#


There were no monsters in sight!

Vanquished Creatures
  A dart slug (D:1)
  A leopard gecko (D:1)
  2 ball pythons (D:1)
  4 bats
  4 goblins
  2 hobgoblins (D:1)
  2 kobolds (D:1)
  3 frilled lizards
  7 rats
26 creatures vanquished.

Notes
Turn   | Place    | Note
-------+----------+-------------------------------------------
     0 | D:1      | Anathary the Fairy Ice Elementalist began the quest for the
                  | Orb.
     0 | D:1      | Reached XP level 1. HP: 11/11 MP: 6/6
   284 | D:1      | Reached skill level 4 in Ice Magic
   286 | D:1      | Reached XP level 2. HP: 8/17 MP: 7/7
   709 | D:1      | Reached XP level 3. HP: 21/21 MP: 9/9
   715 | D:1      | Learned a level 2 spell: Throw Frost
  1057 | D:2      | Engulfed by a cloud of steam

Skill      XL: |  1  2  3 |
---------------+----------+-----
Ice Magic      | 4 |  4.5
Spellcasting   | 3 |  3.3
Dodging        | 3 |  3.0
Stealth        | |  1.5
Conjurations   | |  1.2

Action                   || total
-------------------------++-------
Melee: Dagger            ||     1
 Cast: Freeze            ||    30
       Throw Frost       ||     5
Armor: Skin              ||     5
Dodge: Dodged            ||    15
Block: Other             ||     4
